[Event "51st Rilton Cup 2023-24"]
[Site "Stockholm"]
[Date "2023.12.29"]
[Round "3.21"]
[White "Kavutskiy, Konstantin"]
[Black "Kunz, Andre"]
[Result "1/2-1/2"]
[ECO "B12"]
[WhiteElo "2384"]
[BlackElo "2191"]
[Annotator "ChessBase"]
[PlyCount "139"]
[EventDate "2023.12.27"]
[EventType "swiss"]
[EventCountry "SWE"]
[SourceTitle "playchess.com"]
[Source "ChessBase"]
[SourceQuality "1"]
[TimeControl "40/5400+30:1800+30"]

1. e4 c6 2. d4 d5 3. e5 c5 4. Nf3 cxd4 5. Nxd4 Nc6 6. Nxc6 bxc6 7. Bd3 g6 8. O-O Bg7 9. Re1 Nh6 10. c4 O-O 11. Bf4 Qb6 12. Qd2 dxc4 13. Bxc4 Rd8 14. Qc1 Ng4 15. Bg3 Qd4 16. Qc3 Bf5 17. h3 Nh6 18. Qxd4 Rxd4 19. Na3 e6 20. Bf1 Bd3 21. Red1 Rad8 22. Bxd3 Rxd3 23. Rxd3 Rxd3 24. Rc1 g5 25. Rxc6 Nf5 26. Rc8+ Bf8 27. Kh2 Nxg3 28. fxg3 Kg7 29. Nc4 Bb4 30. Kg1 Rxg3 31. a3 Bf8 32. Rc7 Rd3 33. Kf1 h5 34. Rxa7 Rd1+ 35. Ke2 Rg1 36. Kf3 Rf1+ 37. Ke2 Rg1 38. g4 hxg4 39. hxg4 Rxg4 40. Rc7 Kg6 41. b4 Rg3 42. b5 Bxa3 43. b6 Rb3 44. b7 Bb2 45. Rd7 f6 46. exf6 Kxf6 47. Nd2 Rb4 48. Kd3 Be5 49. Ne4+ Kg6 50. Re7 g4 51. Rxe6+ Kf5 52. Re7 g3 53. Rxe5+ Kxe5 54. Nxg3 Rxb7 55. Ne2 Rh7 56. Nc3 Rh4 57. Ne2 Rh3+ 58. Kc4 Rh1 59. Kd3 Rd1+ 60. Kc4 Rd2 61. Nc3 Rd4+ 62. Kc5 Rh4 63. Nb5 Rh1 64. Kc4 Rc1+ 65. Nc3 Rh1 66. Kd3 Rh4 67. Ne2 Rh3+ 68. Kc4 Re3 69. Nc3 Rxc3+ 70. Kxc3 1/2-1/2

[Event "51st Rilton Cup 2023-24"]
[Site "Stockholm"]
[Date "2023.12.30"]
[Round "4.1"]
[White "Chasin, Nico"]
[Black "Kulaots, Kaido"]
[Result "1/2-1/2"]
[ECO "D38"]
[WhiteElo "2444"]
[BlackElo "2524"]
[Annotator "TA"]
[PlyCount "63"]
[EventDate "2023.12.27"]
[EventType "swiss"]
[EventCountry "SWE"]
[SourceTitle "playchess.com"]
[Source "ChessBase"]
[SourceQuality "1"]
[TimeControl "40/5400+30:1800+30"]

1. d4 Nf6 2. c4 e6 3. Nf3 d5 4. Nc3 Bb4 5. Qa4+ Nc6 6. e3 O-O 7. Bd2 dxc4 {[%emt 0:03:59] D38: Queen's Gambit Declined: Ragozin Defence (4 Nf3 Bb4).} 8. Bxc4 Bd6 9. Qc2 e5 {[%emt 0:00:18] White has an edge.} 10. dxe5 Nxe5 {[%emt 0:00:04] The position is equal.} 11. Nxe5 Bxe5 12. f4 Bxc3 13. Bxc3 g6 14. Rd1 Qe7 15. Bxf6 Qxf6 16. O-O {[%emt 0:00:04] [#]} Be6 $146 ({Predecessor:} 16... Bg4 17. Rde1 Rad8 18. h3 Bd7 19. e4 Qd4+ 20. Kh2 Bc6 21. Re2 Kg7 22. Rf3 Rfe8 {0-1 Lim,Z (2318)-Pechac,J (2594) Olympiad-44 Chennai 2022 (2.1)}) 17. Bxe6 Qxe6 18. Qxc7 Qxe3+ 19. Kh1 Rac8 20. Qxb7 Rb8 21. Qf3 Qxf3 22. Rxf3 Rxb2 $11 {[%emt 0:00:07][%mdl 4096] Endgame KRR-KRR} 23. Ra3 Rc8 {[%emt 0:00:53] Threatening ...Rcc2.} 24. Rxa7 Rcc2 25. Rg1 Rf2 26. Ra4 Rxa2 27. Rxa2 Rxa2 {[%emt 0:00:03] KR-KR} 28. Rf1 Kg7 29. h4 Kf6 30. Kh2 Kf5 31. Kh3 Ra3+ 32. g3 {[%emt 0:00:06] Weighted Error Value: White=0.01 (flawless) /Black=0.03 (flawless)} 1/2-1/2

[Event "51st Rilton Cup 2023-24"]
[Site "Stockholm"]
[Date "2023.12.30"]
[Round "4.2"]
[White "Prraneeth Vuppala"]
[Black "Parkhov, Yair"]
[Result "1/2-1/2"]
[ECO "B92"]
[WhiteElo "2515"]
[BlackElo "2495"]
[Annotator "TA"]
[PlyCount "79"]
[EventDate "2023.12.27"]
[EventType "swiss"]
[EventCountry "SWE"]
[SourceTitle "playchess.com"]
[Source "ChessBase"]
[SourceQuality "1"]
[TimeControl "40/5400+30:1800+30"]

1. e4 c5 2. Nf3 d6 3. d4 cxd4 4. Nxd4 Nf6 5. Nc3 a6 6. Be2 e5 7. Nb3 Be7 8. Be3 Be6 9. Nd5 Nbd7 10. Qd3 Bxd5 11. exd5 Rc8 12. c4 O-O 13. O-O a5 {[%emt 0:01:41] B92: Sicilian Najdorf: 6 Be2.} 14. Rae1 {[%emt 0:01:09] [#]} a4 $146 ({Predecessor:} 14... b6 15. Kh1 Nc5 16. Nxc5 dxc5 17. Bf3 Bd6 18. Bg5 h6 19. Bh4 Re8 20. Qb1 g6 21. Bd1 {0-1 Nasuta,G (2546)-Sjugirov,S (2712) Titled Tuesday intern op 13th Dec Late blitz 2022 (6)}) 15. Nd2 Nc5 {[%emt 0:00:59] White has an edge.} 16. Qa3 Nfd7 17. Nb1 {[%emt 0:19:44] [#]} b5 18. cxb5 $14 Bg5 19. Bxc5 (19. Bxg5 {is interesting.} Qxg5 20. Qe3 Qg6 21. f4) 19... Nxc5 20. Nc3 Ra8 21. Bd1 Bd2 22. Re2 Bxc3 23. bxc3 ({Much worse is} 23. Qxc3 Qb6 $15) 23... Qb6 24. c4 f5 25. Bc2 Ra7 26. Kh1 f4 27. Qh3 g6 28. Rg1 Raf7 29. f3 (29. Qf3 $16) 29... Qa5 $1 $11 {[%emt 0:03:57] aiming for ...Qc3. The position is equal.} 30. g3 fxg3 31. Rxg3 {[%emt 0:00:03][%cal Oc2g6] Bxg6! is the strong threat.} Rg7 32. Reg2 Qb4 33. Rg1 Qxc4 34. Bxg6 {[%emt 0:00:11][%mdl 64] [#] Demolition} hxg6 35. Rxg6 Rxg6 36. Rxg6+ Kf7 37. Qf5+ (37. Rxd6 $2 {perishes.} Qc1+ 38. Kg2 Rg8+ $19) ({Wrong is} 37. Qh5 $2 Ke7 38. Qg5+ Ke8 $19) 37... Ke8 38. Qc8+ Kf7 39. Qf5+ Ke8 40. Qc8+ {[%emt 0:00:23] Weighted Error Value: White=0.08 (flawless) /Black=0.08 (flawless)} 1/2-1/2

[Event "51st Rilton Cup 2023-24"]
[Site "Stockholm"]
[Date "2023.12.30"]
[Round "4.3"]
[White "Raja Rithvik R"]
[Black "Sokolovsky, Yahli"]
[Result "1/2-1/2"]
[ECO "B52"]
[WhiteElo "2500"]
[BlackElo "2443"]
[Annotator "TA"]
[PlyCount "51"]
[EventDate "2023.12.27"]
[EventType "swiss"]
[EventCountry "SWE"]
[SourceTitle "playchess.com"]
[Source "ChessBase"]
[SourceQuality "1"]
[TimeControl "40/5400+30:1800+30"]

1. e4 c5 2. Nf3 d6 3. Bb5+ Bd7 4. c4 Nf6 5. Nc3 g6 (5... a6 $5 6. Bxd7+ Nbxd7 $11) 6. Bxd7+ {[%emt 0:00:34] B52: Sicilian: Moscow Variation with 3...Bd7.} Nbxd7 7. d3 Bg7 8. h3 {[%emt 0:00:05] White has an edge.} O-O 9. Be3 a6 10. Qd2 {[%emt 0:05:32] [#]} Re8 $146 ({Predecessor:} 10... Qa5 11. O-O b5 12. Rac1 Rfd8 13. b3 Nb8 14. Nh2 Nc6 15. f4 bxc4 16. dxc4 Nh5 {0-1 Fecker,N (2382)-Chinguun,S (2269) Wch U18 Mamaia 2022 (5)}) 11. O-O Rb8 12. Rab1 Qa5 13. a4 Rbd8 14. d4 cxd4 15. Nxd4 ({Of course not} 15. Qxd4 Ng4 16. Qd2 Nxe3 17. Qxe3 Bxc3 18. Qxc3 Qxa4 $15) 15... e6 16. Rfd1 Qc7 17. b3 Nc5 18. Qc2 b6 19. Nf3 (19. Nde2 $14) 19... Qb7 20. Nd2 Rc8 (20... a5 $11) 21. Rbc1 (21. e5 $1 $14 dxe5 22. Bxc5 Rxc5 23. Nde4) 21... Red8 22. Qb1 Qc6 {[%emt 0:00:59] The position is equal.} 23. Bd4 Qb7 24. Be3 Qc6 25. Bd4 Qb7 26. Be3 {[%emt 0:00:54] Weighted Error Value: White=0.10 (very precise) /Black=0.11 (very precise)} 1/2-1/2

[Event "51st Rilton Cup 2023-24"]
[Site "Stockholm"]
[Date "2023.12.30"]
[Round "4.4"]
[White "Sidhant, Mohapatra"]
[Black "Blomqvist, Erik"]
[Result "0-1"]
[ECO "C70"]
[WhiteElo "2408"]
[BlackElo "2521"]
[Annotator "TA"]
[PlyCount "104"]
[EventDate "2023.12.27"]
[EventType "swiss"]
[EventCountry "SWE"]
[SourceTitle "playchess.com"]
[Source "ChessBase"]
[SourceQuality "1"]
[TimeControl "40/5400+30:1800+30"]

1. e4 e5 2. Nf3 Nc6 3. Bb5 a6 4. Ba4 f5 5. d3 fxe4 6. dxe4 Nf6 7. Nc3 {[%emt 0:01:32] C70: Ruy Lopez: 3...a6 4 Ba4, Norwegian and Delayed Schliemann.} (7. O-O $5 ) 7... Bb4 8. O-O Bxc3 9. bxc3 {[%emt 0:00:04] The position is equal.} O-O {[%emt 0:02:47] [#]} 10. Bxc6 $146 ({Predecessor:} 10. Qd3 d6 11. c4 Bd7 12. c5 dxc5 13. Qc4+ Kh8 14. Qxc5 Nxe4 15. Qe3 Nd6 16. Bxc6 Bxc6 17. Nxe5 {½-½ El Jawich,A (2238)-Raetsky,A (2394) Beirut op 10th 2019 (8)}) 10... bxc6 11. Nxe5 Qe8 12. Nd3 Qxe4 13. Re1 Qh4 14. f3 {[%emt 0:14:30] Prevents Ng4} (14. Qf3 $5 ) 14... Qc4 15. Bd2 d6 16. Qb1 a5 17. Qb3 Ba6 18. Re7 (18. Qxc4+ {simplifies} Bxc4 19. Nb2 Bf7 20. c4) 18... Rf7 19. Rae1 a4 20. Qb2 c5 21. Rxf7 (21. R7e2 $15) 21... Kxf7 22. Bg5 Re8 23. Rxe8 Nxe8 24. a3 Qd5 25. Qc1 Bxd3 26. cxd3 Qxd3 $17 {[%emt 0:00:17][%mdl 4096] Endgame KQB-KQN} 27. Qf4+ Nf6 28. Bxf6 Qd1+ ({Much weaker is} 28... gxf6 $6 29. Qxa4 h5 30. Qd7+ Kg6 31. Qe8+ Kh6 32. Qf8+ Kg6 33. Qe8+ Kh6 34. Qf8+ Kg6 35. Qe8+ $11) 29. Kf2 Qc2+ ({Don't play} 29... gxf6 $6 30. Qf5 $11) 30. Kg3 gxf6 {[%emt 0:00:05] KQ-KQ} 31. Qc4+ Ke7 32. h4 h5 33. Kh2 (33. Qg8 $19) 33... f5 34. Qg8 $2 (34. Kg3 $17 {is a better defense.}) 34... Qxc3 $19 35. Qh7+ {[%emt 0:00:04] [#]} Ke6 $1 36. Qxh5 {[%emt 0:00:07] [#]} Qe5+ $1 ({Worse is} 36... Qxa3 37. Qg6+ Ke7 38. Qg7+ Ke8 39. Qg6+ Kf8 40. Qf6+ Kg8 41. Qe6+ Kh8 42. Qh6+ Kg8 43. Qg6+ Kh8 44. Qh6+ Kg8 45. Qg6+ Kh8 46. Qh6+ $11) 37. Kh3 c4 38. Qe8+ Kd5 39. Qxa4 f4 $2 (39... c3 $19 40. Qb3+ Kd4 41. Qd1+ Kc5) 40. Kg4 $17 Qg7+ ({Better is} 40... Qe2 $17 {Strongly threatening ...c3.} 41. Qa8+ c6) 41. Kxf4 $15 Qxg2 {[%emt 0:02:40] White must now prevent ...Qe2.} 42. Qa5+ ({White should try} 42. Ke3 $15 Qg1+ 43. Ke2 Qh2+ 44. Kd1) 42... Kd4 $19 {[%emt 0:06:41] ...c3 would be deadly.} 43. Qxc7 $2 (43. Qe1) 43... Qh2+ 44. Kg4 c3 {[%emt 0:01:55][%cal Bc4c3,Bc3c2][%mdl 32] ...c2 is the strong threat.} 45. Qb6+ Kd3 46. Qb5+ Kd2 47. h5 Qg2+ {[%emt 0:08:36] Black mates.} 48. Kf4 c2 49. Qb2 Kd1 50. Qb3 Qd2+ 51. Kg3 Ke1 52. Qe6+ Kf1 {[%emt 0:00:18] Weighted Error Value: White=0.61/Black=0.07 (flawless)} 0-1

[Event "51st Rilton Cup 2023-24"]
[Site "Stockholm"]
[Date "2023.12.30"]
[Round "4.5"]
[White "Sivuk, Vitaly"]
[Black "Rakesh Kumar Jena"]
[Result "1-0"]
[ECO "D32"]
[WhiteElo "2490"]
[BlackElo "2335"]
[Annotator "TA"]
[PlyCount "47"]
[EventDate "2023.12.27"]
[EventType "swiss"]
[EventCountry "SWE"]
[SourceTitle "playchess.com"]
[Source "ChessBase"]
[SourceQuality "1"]
[TimeControl "40/5400+30:1800+30"]

1. d4 d5 2. c4 e6 3. Nc3 c5 4. cxd5 cxd4 5. Qa4+ Bd7 6. Qxd4 exd5 7. Qxd5 Nf6 8. Qd1 Bc5 9. Nf3 O-O 10. e3 Qe7 11. Be2 Nc6 12. O-O Rfd8 13. Qb3 {[%emt 0:03:04] [#] D32: Tarrasch Defence: Sidelines and lines without g3.} Ne5 $146 (13... a6 $11 {remains equal.}) ({Predecessor:} 13... Bf5 14. Bd2 a6 15. Na4 Be6 16. Qc2 Ba7 17. Rfd1 Rac8 18. Nc3 Nb4 19. Qb1 g6 20. Ne4 Nc2 21. Nxf6+ Qxf6 {1-0 Ding,L (2799)-Grischuk,A (2776) FTX Crypto Cup Prelim rapid 2021 (5)}) 14. Nd4 ({White should play} 14. Qxb7 $16 Rab8 15. Qa6) 14... Rac8 15. Rd1 {[%emt 0:20:06] White is slightly better.} Bb6 16. Bd2 Nfg4 17. Be1 Qg5 {[%emt 0:10:03] [#]} (17... Qh4 $2 18. h3 $18) (17... Nf6 $16) 18. Nd5 $1 $18 {[%emt 0:11:12] Black must now prevent f4.} ({Don't play} 18. Nf3 $6 Nxf3+ 19. Bxf3 h5 $14) 18... Ba4 19. Qxa4 Rxd5 20. Rac1 Rf8 21. Nf3 {[%emt 0:03:38][%mdl 64] Discovered Attack} Rxd1 22. Rxd1 (22. Nxg5 $2 Rxc1 23. Qb4 Nxe3 24. fxe3 Bxe3+ 25. Kf1 Bxg5 $19) 22... Qh6 {[%emt 0:04:18] [#]} (22... Qf5 {was worth a try.} 23. a3 Nf6) 23. h3 Nxe3 24. Bd2 {[%emt 0:01:49][%mdl 64] Pin.   Weighted Error Value: White=0.23 (precise) /Black=0.51} ({Not} 24. fxe3 Qxe3+ 25. Kh2 (25. Kf1 $2 Nxf3 26. Bxf3 Re8 $19) 25... Qxe2 26. Nxe5 Bc7 $17) ({Less strong is} 24. Nxe5 Nxd1 25. Bxd1 Qc1 $18) 1-0

[Event "51st Rilton Cup 2023-24"]
[Site "Stockholm"]
[Date "2023.12.30"]
[Round "4.6"]
[White "Costa, Leonardo"]
[Black "Ostlund, Joar"]
[Result "0-1"]
[ECO "C60"]
[WhiteElo "2472"]
[BlackElo "2326"]
[Annotator "TA"]
[PlyCount "90"]
[EventDate "2023.12.27"]
[EventType "swiss"]
[EventCountry "SWE"]
[SourceTitle "playchess.com"]
[Source "ChessBase"]
[SourceQuality "1"]
[TimeControl "40/5400+30:1800+30"]

1. e4 e5 2. Nf3 Nc6 3. Bb5 g6 4. c3 Bg7 5. d4 exd4 6. cxd4 {[%emt 0:00:03] C60: Ruy Lopez: Unusual Black 3rd moves and 3...g6.} a6 7. Ba4 b5 8. Bc2 {[%emt 0:00:03] White is slightly better.} d5 9. Bg5 {[%emt 0:14:53] [#]} f6 $146 ({Predecessor:} 9... Nge7 10. Nc3 h6 11. Bxe7 Nxe7 12. e5 O-O 13. O-O Bg4 14. h3 Bxf3 15. Qxf3 c5 16. dxc5 Qc7 17. Nxd5 Nxd5 18. Be4 Rad8 19. Bxd5 Bxe5 20. c6 Bxb2 {½-½ Ragger,M (2680)-Alekseenko,K (2699) FRA-chT Top 12 2021 (5.4)}) 10. Be3 Nge7 11. Nc3 O-O 12. O-O dxe4 13. Nxe4 f5 (13... Bg4 $11) 14. Bb3+ $16 Kh8 {[%emt 0:00:26] [#]} 15. Neg5 f4 16. Bd2 Nd5 {[%emt 0:14:45] [#]} 17. Qc2 (17. h4 $1 $16) 17... Qd7 $2 (17... Nxd4 $14 18. Nxd4 Qxg5) 18. Rfe1 $18 Rf5 (18... Nxd4 $2 19. Nxd4 Bxd4 20. Ne6 Qxe6 21. Rxe6 Bxe6 22. Qc6 $18) 19. Ne6 Qd6 $2 (19... Nce7 20. Rac1 Ra7) 20. Bxd5 Rxd5 21. Bxf4 (21. Nxf4 Bg4 $18) 21... Ne5 22. Nxc7 (22. dxe5 Qxe6 23. Ng5 (23. Qxc7 Rd7 $16) 23... Qe8 24. Qxc7 Be6 $18) ({White must play} 22. Bxe5 $18 Bxe5 23. Neg5 Bxh2+ 24. Nxh2 Rxg5 25. Qe4) 22... Nxf3+ $11 23. gxf3 Qxf4 24. Nxd5 $4 {[%emt 0:06:16][%mdl 8192] White is now going downhill.} (24. Re8+ $11 {and White stays safe.} Bf8 25. Rxf8+ (25. Nxd5 Qg5+ 26. Kh1 Bh3 $15) (25. Nxa8 $2 Bh3 $19) 25... Qxf8 26. Nxd5) 24... Qg5+ $19 25. Kh1 Bb7 ({Don't play} 25... Qxd5 26. Re8+ $18) 26. Re3 {[%emt 0:02:02] Black must now prevent Nc7.} Bxd5 27. Rg1 Qf4 28. Rg3 Rf8 (28... Qxd4 $2 {too greedy.} 29. Rd3 Qc4 30. Qd1 $19) 29. Qc5 Qxd4 (29... Bxa2 $2 {perishes.} 30. b3 Bb1 31. Rg4 $19) 30. Qxd4 Bxd4 31. Rd3 Rf4 32. b3 (32. Kg2 $142) 32... Kg7 33. Kg1 {[%emt 0:00:10] Threatens to win with Rg4.} h5 {[%emt 0:00:44] Dodges Rg4} 34. Kf1 Kf6 35. Ke2 b4 36. Kf1 Bc6 {[%emt 0:00:38] Hoping for ...Bb5. A strong pair of Bishops.} 37. Kg1 Bc5 38. Rd8 Bxf3 39. Rc8 Bd6 {[%emt 0:00:31] aiming for ...h4.} 40. Rd8 Bc5 41. Rc8 Bd6 42. Rd8 Be7 {[%emt 0:01:04] Black is clearly winning.} 43. Rc8 g5 44. Rc4 Rxc4 45. bxc4 g4 {[%emt 0:00:07] Weighted Error Value: White=0.67/Black=0.51} 0-1

[Event "51st Rilton Cup 2023-24"]
[Site "Stockholm"]
[Date "2023.12.30"]
[Round "4.7"]
[White "Trost, Edvin"]
[Black "Yordanov, Lachezar"]
[Result "1-0"]
[ECO "A45"]
[WhiteElo "2434"]
[BlackElo "2312"]
[Annotator "RC"]
[PlyCount "103"]
[EventDate "2023.12.27"]
[EventType "swiss"]
[EventCountry "SWE"]
[SourceTitle "playchess.com"]
[Source "ChessBase"]
[SourceQuality "1"]
[TimeControl "40/5400+30:1800+30"]

1. d4 Nf6 2. Bg5 e6 3. e4 h6 4. Bxf6 Qxf6 5. Nc3 g6 6. e5 Qe7 7. f4 Bg7 8. Qd2 g5 9. O-O-O gxf4 10. Nf3 d5 11. exd6 cxd6 12. Qxf4 O-O 13. Re1 Nc6 14. Bd3 a5 15. a3 a4 16. g4 Ra5 17. Qe4 f5 18. gxf5 Raxf5 19. d5 Ne5 20. Nxe5 Bxe5 21. dxe6 Bxe6 22. Kb1 Kh8 23. Rhg1 Rf4 24. Qe3 Qh4 25. Ne4 Bg8 26. Qd2 Qh5 27. Nc3 R8f6 28. Rg2 Bd4 29. Ne2 Rf2 30. Rxf2 Bxf2 31. Rf1 Qxh2 32. Qb4 Qe5 33. Qxa4 Bc5 34. Rd1 Rf2 35. Nc3 Rf4 36. Qb5 Qe7 37. Rh1 Rh4 38. Rf1 Rf4 39. Rd1 Qf7 40. Rh1 Kg7 41. b3 Qe7 42. Ne2 Rg4 43. Qa5 Bf7 44. Re1 Qe5 45. Rf1 Qe7 46. Qc3+ Qe5 47. Qa5 Qe7 48. Rf5 h5 49. Qc3+ Kg8 50. b4 Be3 51. Rf3 Qe6 52. Rxe3 1-0

[Event "51st Rilton Cup 2023-24"]
[Site "Stockholm"]
[Date "2023.12.30"]
[Round "4.8"]
[White "Bronstein, Or"]
[Black "Borgaonkar Akshay"]
[Result "0-1"]
[ECO "D12"]
[WhiteElo "2428"]
[BlackElo "2206"]
[Annotator "RC"]
[PlyCount "31"]
[EventDate "2023.12.27"]
[EventType "swiss"]
[EventCountry "SWE"]
[SourceTitle "playchess.com"]
[Source "ChessBase"]
[SourceQuality "1"]
[TimeControl "40/5400+30:1800+30"]

1. d4 d5 2. c4 c6 3. Nf3 Nf6 4. e3 Bf5 5. Nc3 e6 6. Nh4 Bg6 7. Bd2 Nbd7 8. Nxg6 hxg6 9. cxd5 cxd5 10. Qc2 Bd6 11. O-O-O Ng4 12. Be1 Bxh2 13. Rxh2 Nxh2 14. Be2 Rg8 15. g3 Nf6 16. f4 0-1

[Event "51st Rilton Cup 2023-24"]
[Site "Stockholm"]
[Date "2023.12.30"]
[Round "4.9"]
[White "Elmi, Saad Abobaker"]
[Black "Jarmula, Lukasz"]
[Result "0-1"]
[ECO "B08"]
[WhiteElo "2333"]
[BlackElo "2425"]
[Annotator "ChessBase"]
[PlyCount "80"]
[EventDate "2023.12.27"]
[EventType "swiss"]
[EventCountry "SWE"]
[SourceTitle "playchess.com"]
[Source "ChessBase"]
[SourceQuality "1"]
[TimeControl "40/5400+30:1800+30"]

1. e4 d6 2. d4 Nf6 3. Nc3 Nc6 4. Nf3 g6 5. d5 Nb8 6. Be2 Bg7 7. O-O O-O 8. Be3 e6 9. Qd2 exd5 10. exd5 Bg4 11. h3 Bxf3 12. Bxf3 Nbd7 13. Rfe1 a6 14. b3 Re8 15. Rad1 Re7 16. g3 Qf8 17. a4 Rae8 18. Kf1 h5 19. Bg5 Re5 20. Bf4 Rxe1+ 21. Rxe1 Ne5 22. Bg2 Kh7 23. Ne4 Nxe4 24. Rxe4 Nd7 25. Rc4 Nc5 26. b4 b5 27. axb5 axb5 28. Rxc5 dxc5 29. Bxc7 cxb4 30. Bf3 Be5 31. Ba5 Bd6 32. Qd3 Rc8 33. Be4 Rc4 34. Qf3 Kg8 35. Bd3 Rc3 36. Qf6 Qe7 37. Qd4 Ra3 38. Qb6 b3 39. Qxb5 b2 40. c3 Ra1+ 0-1

[Event "51st Rilton Cup 2023-24"]
[Site "Stockholm"]
[Date "2023.12.30"]
[Round "4.10"]
[White "Socko, Bartosz"]
[Black "Kenneskog, Theodor"]
[Result "1-0"]
[ECO "E04"]
[WhiteElo "2550"]
[BlackElo "2364"]
[Annotator "TA"]
[PlyCount "147"]
[EventDate "2023.12.27"]
[EventType "swiss"]
[EventCountry "SWE"]
[SourceTitle "playchess.com"]
[Source "ChessBase"]
[SourceQuality "1"]
[TimeControl "40/5400+30:1800+30"]

1. d4 Nf6 2. Nf3 d5 3. c4 e6 4. g3 dxc4 5. Bg2 c5 6. O-O Nc6 7. Qa4 Bd7 8. Qxc4 b5 9. Qc3 {[%emt 0:00:35] E04: Open Catalan: 5 Nf3.} b4 10. Qd3 Rc8 11. Nbd2 {[%emt 0:05:23][%cal Bb1d2,Bd2b3,Bb3d4][%mdl 32] [#] The position is equal.} Nxd4 $146 ({Predecessor:} 11... cxd4 12. Nxd4 Nxd4 13. Qxd4 Bc5 14. Qd3 Ba4 15. Qa6 Qd7 16. Nb3 Bb6 17. Bd2 Bb5 {1-0 Wallace,J (2349)-Elsness,F (2475) Kragero op 2023 (4)}) 12. Nxd4 cxd4 13. Nb3 Qb6 14. Bf4 Be7 15. Qxd4 Qxd4 16. Nxd4 O-O 17. Rac1 (17. Bb7 $5 ) 17... Nd5 18. Be5 Rc5 19. Rxc5 Bxc5 20. Nb3 Be7 21. Bxd5 exd5 22. Rd1 Be6 23. Bd4 Rc8 {[%emt 0:00:54] Wards off Rc1} (23... Ra8 $11 {feels stronger.}) 24. Bxa7 $14 Ra8 25. Bc5 Bxc5 26. Nxc5 Rxa2 {[%emt 0:00:08][%mdl 4096] Endgame KRB-KRN} 27. Rd2 Kf8 28. Kg2 (28. Nd3 $5 ) 28... Ke7 29. Nd3 Ra4 30. b3 {[%emt 0:01:11][%mdl 64] Deflection} Ra3 31. Rb2 d4 32. Nxb4 Rxb3 33. Rxb3 Bxb3 {[%emt 0:00:04] KB-KN} 34. Nc6+ Kd6 35. Nxd4 Bd5+ 36. f3 Ke5 {[%emt 0:00:24] Repels Nf5} 37. Nc2 f5 38. Nb4 {[%emt 0:03:24] Nxd5 would be deadly.} Bc4 39. e3 Bb5 40. Kf2 g5 41. f4+ gxf4 42. exf4+ Kd4 43. Nc2+ Ke4 44. Ne1 h6 45. Nf3 Bc6 46. Ne5 Be8 47. Nc4 ({White should try} 47. Kg2 $1 $16) 47... Kd5 $1 $11 48. Nd2 Kd4 $1 49. Nf3+ Kd3 $1 50. Ne5+ (50. h3 $11) 50... Ke4 $16 51. Kg2 $1 Kd5 52. Kh3 Ke4 $2 (52... Ke6 $16) 53. Kh4 $18 Ke3 54. Nc4+ Kf3 55. Nd6 $2 ({White must play} 55. h3 $1 $18 h5 56. Nb6) 55... Bg6 56. Nc8 {[%emt 0:00:00] Threatens to win with Ne7.} Ke4 $2 (56... Bf7 $11) 57. Ne7 $2 (57. h3 $1 $18 Kf3 58. Ne7) 57... Bf7 $11 58. Nc6 {[%emt 0:00:00] aiming for Ne7.} Be8 59. Ne5 Ke3 $1 60. Nc4+ $2 (60. h3 $11) 60... Kf3 $1 $18 61. Kh3 $2 (61. h3 $1 $18 h5 62. Nb6) 61... Bh5 {[%emt 0:00:26] [#]} (61... Kf2 $1 $11 {remains equal.}) 62. Nb6 (62. Ne5+ $1 $16 Ke4 63. Kg2) 62... Bf7 63. Nc8 Ke3 64. Nd6 Bg6 $2 (64... Be6 $11) 65. Kg2 (65. Nc4+ $142 Kd4 66. Ne5) 65... Kd4 {[%emt 0:04:37] [#]} 66. g4 $1 fxg4 (66... Kc5 67. Nxf5) 67. f5 Bh5 68. f6 Kd5 69. f7 Bxf7 70. Nxf7 h5 {[%emt 0:00:07] White mates.} 71. Nh8 Ke4 72. Ng6 Ke3 73. Kg3 Ke4 74. Nf4 {[%emt 0:00:20] Weighted Error Value: White=0.23 (precise) /Black=0.08 (flawless)} 1-0